[Event "Titled Tuesday Blitz March 29 Early 2022"]
[White "Goryachkina, Aleksandra"]
[Black "Lopez Del Alamo, Antonio"]
[WhiteFideId "4147103"]
[BlackFideId "2227339"]
[WhiteElo "2426"]
[BlackElo "2082"]
[Result "1-0"]
[Round "01"]
[TimeControl "180+1"]
[Date "2022.03.30"]
[WhiteClock "0:01:49"]
[BlackClock "0:00:24"]

1. e4 c5 2. Nf3 e6 3. c3 Nf6 4. e5 Nd5 5. Bc4 Nc6 6. d4 d6 7. O-O Be7 8. Bxd5 exd5 9. exd6 Qxd6 10. dxc5 Qxc5 11. Be3 Qd6 12. Nbd2 O-O 13. Nd4 Bf6 14. N2b3 b6 15. Nxc6 Qxc6 16. Bd4 Be7 17. Re1 Be6 18. Qf3 Bc5 19. Qg3 Bxd4 20. Nxd4 Qd7 21. Re5 Rfe8 22. Rae1 Re7 23. f4 Rae8 24. f5 Bxf5 1-0


[Site "https://www.chess.com"]

[Event "Titled Tuesday Blitz March 29 Early 2022"]
[White "Gracia Alvarez, Gerardo Antonio"]
[Black "Wong, Yinn Long"]
[WhiteFideId "5109124"]
[BlackFideId "5707684"]
[WhiteElo "2139"]
[BlackElo "2055"]
[Result "0-1"]
[Round "01"]
[TimeControl "180+1"]
[Date "2022.03.30"]
[WhiteClock "0:01:59"]
[BlackClock "0:01:57"]

1. e4 e5 2. Bc4 Nf6 3. d3 Bc5 4. f4 d5 5. exd5 exf4 6. Qe2+ Kd7 7. Qf3 Re8+ 8. Ne2 Qe7 9. Bxf4 Kd8 10. Nc3 Bg4 11. Qf1 Bb4 12. Kd2 Qxe2+ 13. Qxe2 Rxe2+ 0-1


[Site "https://www.chess.com"]

[Event "Titled Tuesday Blitz March 29 Early 2022"]
[White "Guseva, Marina"]
[Black "Dreev, Aleksey"]
[WhiteFideId "4149351"]
[BlackFideId "4100107"]
[WhiteElo "2160"]
[BlackElo "2625"]
[Result "0-1"]
[Round "01"]
[TimeControl "180+1"]
[Date "2022.03.29"]
[WhiteClock "0:00:06"]
[BlackClock "0:00:26"]

1. d4 d5 2. Nf3 Nf6 3. Bf4 g6 4. e3 Bg7 5. Be2 O-O 6. O-O c5 7. c3 Nbd7 8. Nbd2 Nh5 9. Bg5 h6 10. Bh4 g5 11. Ne1 gxh4 12. Bxh5 e5 13. dxe5 Nxe5 14. Be2 Bf5 15. Ndf3 Ng6 16. Nd3 Qc7 17. Rc1 Rfe8 18. b4 b6 19. bxc5 bxc5 20. Qa4 Bd7 21. Qa3 Bf8 22. Qa6 Rab8 23. Rb1 h3 24. g3 Bf5 25. Rxb8 Rxb8 26. Rd1 Rb6 27. Qa5 Be4 28. Nf4 Nxf4 29. exf4 Bg7 30. Ne5 Bxe5 31. fxe5 Bc2 32. Re1 Rb1 33. Qxc7 Rxe1+ 34. Bf1 Bd3 35. Qc8+ Kh7 36. Qxh3 d4 37. cxd4 c4 38. f4 c3 39. Kf2 Rxf1+ 0-1


[Site "https://www.chess.com"]

[Event "Titled Tuesday Blitz March 29 Early 2022"]
[White "Hakobyan, Aram"]
[Black "Lehtosaari, Mauri"]
[WhiteFideId "13306677"]
[BlackFideId "501999"]
[WhiteElo "2557"]
[BlackElo "2516"]
[Result "1-0"]
[Round "01"]
[TimeControl "180+1"]
[Date "2022.03.29"]
[WhiteClock "0:01:25"]
[BlackClock "0:00:43"]

1. d4 d5 2. c4 c6 3. cxd5 cxd5 4. Bg5 h6 5. Bf4 Nc6 6. e3 Nf6 7. Bd3 e6 8. Nc3 Bd6 9. Bxd6 Qxd6 10. f4 Bd7 11. Nf3 a6 12. O-O Ne7 13. Ne5 g6 14. Rc1 Rc8 15. Qf3 Bc6 16. Rc2 Nf5 17. g4 Ne7 18. Rfc1 Nd7 19. Ne2 O-O 20. h4 Kg7 21. h5 Nf6 22. hxg6 fxg6 23. Qh3 Ne4 24. Bxe4 dxe4 25. Nc3 Bd5 26. Rh2 Rh8 27. Kh1 b5 28. a3 a5 29. f5 exf5 30. gxf5 Nxf5 31. Rg1 Bf7 32. Qxf5 1-0


[Site "https://www.chess.com"]

[Event "Titled Tuesday Blitz March 29 Early 2022"]
[White "Hamley, Ryan"]
[Black "Martinez Alcantara, Jose Eduardo"]
[WhiteFideId "30959497"]
[BlackFideId "3805662"]
[WhiteElo "2514"]
[BlackElo "2690"]
[Result "0-1"]
[Round "01"]
[TimeControl "180+1"]
[Date "2022.03.29"]
[WhiteClock "0:00:25"]
[BlackClock "0:01:42"]

1. d4 Nf6 2. c4 e6 3. Nf3 Bb4+ 4. Bd2 Qe7 5. a3 Bxd2+ 6. Qxd2 d6 7. Nc3 O-O 8. e4 e5 9. d5 a5 10. Be2 Bd7 11. O-O Na6 12. Qc2 a4 13. Nd2 Nc5 14. Kh1 h6 15. Rae1 Kh8 16. g3 Bh3 17. Rg1 Bd7 18. Rgf1 Rae8 19. Bf3 g5 20. Bg2 Rg8 21. Nd1 Nh5 22. Ne3 Ng7 23. f4 gxf4 24. gxf4 Nh5 25. fxe5 dxe5 26. Nf5 Bxf5 27. Rxf5 Nf4 28. Rg1 Ncd3 29. Nf3 Qc5 30. Rf1 Rxg2 31. Qxg2 Nxg2 32. Kxg2 Rg8+ 33. Kh3 Nf4+ 0-1


[Site "https://www.chess.com"]

[Event "Titled Tuesday Blitz March 29 Early 2022"]
[White "Hebden, Mark L"]
[Black "Namitbir Singh Walia"]
[WhiteFideId "400084"]
[BlackFideId "35071068"]
[WhiteElo "2457"]
[BlackElo "1565"]
[Result "1-0"]
[Round "01"]
[TimeControl "180+1"]
[Date "2022.03.30"]
[WhiteClock "0:00:54"]
[BlackClock "0:01:10"]

1. d4 Nf6 2. Nf3 d5 3. c4 c6 4. e3 e6 5. Bd3 Nbd7 6. b3 Bd6 7. Bb2 O-O 8. O-O Qc7 9. Nc3 e5 10. cxd5 Nxd5 11. Nxd5 cxd5 12. Rc1 Qb8 13. dxe5 Nxe5 14. Nxe5 Bxe5 15. Bxh7+ Kxh7 16. Qh5+ Kg8 17. Bxe5 Bg4 18. Qg5 f6 19. Bxf6 Rxf6 20. Qxg4 Qe8 21. Rfd1 Rd8 22. Rc7 Rf7 23. Rxf7 Qxf7 24. Qd4 b6 25. e4 Qh5 26. exd5 Rd6 27. h3 Rg6 28. d6 Qxh3 29. Qd5+ Kh7 30. d7 Qh4 1-0


[Site "https://www.chess.com"]

[Event "Titled Tuesday Blitz March 29 Early 2022"]
[White "Hua, Lefong"]
[Black "Borodavkin, Anatoly"]
[WhiteFideId "2602253"]
[BlackFideId "14150662"]
[WhiteElo "2560"]
[BlackElo "1845"]
[Result "1-0"]
[Round "01"]
[TimeControl "180+1"]
[Date "2022.03.30"]
[WhiteClock "0:00:44"]
[BlackClock "0:00:02"]

1. d4 d5 2. c4 Nc6 3. cxd5 Qxd5 4. e3 e5 5. Nc3 Bb4 6. Bd2 Bxc3 7. Bxc3 exd4 8. Ne2 Bg4 9. f3 O-O-O 10. Nxd4 Be6 11. Qa4 Nge7 12. e4 Qc5 13. Rd1 Rd7 14. Qb5 Qxb5 15. Nxb5 Rxd1+ 16. Kxd1 Bxa2 17. Bxg7 Rd8+ 18. Kc1 Bb3 19. Nc3 Nb4 20. Be2 Rg8 21. Bf6 Nec6 22. g4 Re8 23. g5 Ne5 24. f4 Ned3+ 25. Kd2 Nxf4 26. Bg4+ Kb8 27. Rf1 Ne6 28. Bf5 Nc6 29. Bxh7 Ncd4 30. h4 Bc4 31. Rf2 Nf8 32. Bf5 Nxf5 33. exf5 Nh7 34. Bd4 Rd8 35. Ke3 b6 36. g6 fxg6 37. fxg6 Nf8 38. h5 Ne6 39. Bf6 Re8 40. Kd2 c5 41. h6 1-0


[Site "https://www.chess.com"]

[Event "Titled Tuesday Blitz March 29 Early 2022"]
[White "Iljin, Timofey"]
[Black "Pakleza, Zbigniew"]
[WhiteFideId "14110180"]
[BlackFideId "1119290"]
[WhiteElo "2396"]
[BlackElo "2467"]
[Result "0-1"]
[Round "01"]
[TimeControl "180+1"]
[Date "2022.03.30"]
[WhiteClock "0:00:04"]
[BlackClock "0:00:17"]

1. e4 d6 2. f4 Nf6 3. Nc3 d5 4. e5 d4 5. exf6 dxc3 6. dxc3 Qxd1+ 7. Kxd1 gxf6 8. Nf3 Nc6 9. Be3 Bg4 10. Be2 O-O-O+ 11. Ke1 Rg8 12. Kf2 e6 13. Rad1 Bd6 14. Rd2 Ne7 15. h3 Bf5 16. Rhd1 Be4 17. g4 Nd5 18. Rd4 Bxf3 19. Bxf3 Nxe3 20. Kxe3 Bc5 21. b4 Bxd4+ 22. cxd4 c6 23. c3 h6 24. a4 Kc7 25. Kf2 a5 26. Kg3 axb4 27. cxb4 Rd6 28. Kh4 Rgd8 29. d5 cxd5 30. Kh5 e5 31. f5 e4 32. Bg2 Re8 33. Kxh6 d4 34. Kg7 e3 35. Kxf7 Re5 36. Rc1+ Kb8 37. h4 e2 38. g5 fxg5 39. hxg5 Rxf5+ 40. Ke7 Rc6 41. Bxc6 Rf1 42. Rc2 e1=Q+ 43. Kd6 Qg3+ 44. Kc5 Rf5+ 45. Kb6 Qc7# 0-1


[Site "https://www.chess.com"]

[Event "Titled Tuesday Blitz March 29 Early 2022"]
[White "Iskusnyh, Sergei"]
[Black "Avalos Parra, Joao"]
[WhiteFideId "4120027"]
[BlackFideId "3402541"]
[WhiteElo "2492"]
[BlackElo "2173"]
[Result "1-0"]
[Round "01"]
[TimeControl "180+1"]
[Date "2022.03.30"]
[WhiteClock "0:01:01"]
[BlackClock "0:00:19"]

1. d4 Nf6 2. c4 c6 3. Nf3 d5 4. Qb3 dxc4 5. Qxc4 Bf5 6. g3 e6 7. Bg2 Be7 8. O-O h6 9. Nc3 O-O 10. e3 Nbd7 11. Qe2 Ne4 12. Nd2 Nxc3 13. bxc3 e5 14. e4 Bg6 15. Nc4 Qc7 16. f4 exd4 17. cxd4 Nb6 18. Ne5 Bh7 19. f5 Bf6 20. Bb2 Rad8 21. Rad1 Na4 22. Ba1 c5 23. Qc2 b5 24. Ng4 Bg5 25. d5 c4 26. Ne5 Bf6 27. Nc6 Bxa1 28. Rxa1 Rd7 29. f6 Rxd5 30. Ne7+ 1-0


[Site "https://www.chess.com"]

[Event "Titled Tuesday Blitz March 29 Early 2022"]
[White "Jary, Sergey"]
[Black "Majdan, Joanna"]
[WhiteFideId "14110350"]
[BlackFideId "1121979"]
[WhiteElo "2260"]
[BlackElo "2234"]
[Result "0-1"]
[Round "01"]
[TimeControl "180+1"]
[Date "2022.03.30"]
[WhiteClock "0:00:04"]
[BlackClock "0:00:19"]

1. e4 c5 2. Nf3 e6 3. c4 a6 4. Nc3 d6 5. d4 cxd4 6. Nxd4 Nf6 7. Be3 Qc7 8. f3 Nbd7 9. Qd2 b6 10. Rc1 Bb7 11. Be2 Be7 12. O-O O-O 13. b4 Rac8 14. a3 Rfe8 15. Nb3 Qb8 16. Rfd1 Bc6 17. a4 Bf8 18. Bf4 Ne5 19. b5 Bb7 20. Bxe5 dxe5 21. c5 axb5 22. axb5 Bxc5+ 23. Nxc5 Rxc5 24. Ra1 Rec8 25. Na4 Rc2 26. Qe3 h6 27. Bf1 Qc7 28. Qxb6 Qe7 29. h3 Ba8 30. Qd6 Qxd6 31. Rxd6 Nh5 32. Rad1 Kh7 33. Rd8 Bb7 34. Rxc8 Bxc8 35. Nb6 f5 36. Nxc8 Rxc8 37. b6 Rb8 38. Rb1 fxe4 39. fxe4 Ng3 40. Bd3 Nh5 41. Kf2 Nf4 42. Bf1 Kg6 43. g3 Nh5 44. Be2 Nf6 45. Ke3 Nd7 46. b7 Nc5 47. Bg4 Rxb7 48. Rxb7 Nxb7 49. Bxe6 Nc5 50. Bd5 Kf6 51. Kd2 Nd7 52. Kc3 g5 53. Kc4 Nf8 54. Kc5 h5 55. Kd6 h4 56. gxh4 gxh4 57. Kc5 Ng6 0-1


[Site "https://www.chess.com"]

[Event "Titled Tuesday Blitz March 29 Early 2022"]
[White "Jaskolka, Tomasz"]
[Black "Szpar, Milosz"]
[WhiteFideId "1170791"]
[BlackFideId "1184989"]
[WhiteElo "2073"]
[BlackElo "2447"]
[Result "1-0"]
[Round "01"]
[TimeControl "180+1"]
[Date "2022.03.30"]
[WhiteClock "0:00:09"]
[BlackClock "0:00:02"]

1. d4 d5 2. Bf4 c5 3. e3 Nc6 4. c3 cxd4 5. exd4 f6 6. Nf3 g5 7. Bg3 h5 8. h4 g4 9. Ng1 Nh6 10. Bd3 Nf5 11. Ne2 e5 12. dxe5 fxe5 13. Bb5 Qd6 14. O-O Be6 15. Nd4 Nxg3 16. fxg3 exd4 17. Qxd4 Qc5 18. Rxf8+ Qxf8 19. Nd2 O-O-O 20. Bxc6 bxc6 21. Qxa7 Qd6 22. Re1 Rhe8 23. Nb3 Qb8 24. Qa6+ Kc7 25. Nd4 Qb6 26. Qxb6+ Kxb6 27. Rxe6 Rxe6 28. Nxe6 Re8 29. Nf4 Re1+ 30. Kf2 Ra1 31. a3 Ra2 32. Nxh5 Rxb2+ 33. Kg1 Rc2 34. Nf6 Rxc3 35. h5 Rxa3 36. h6 Ra8 37. Nxg4 Rh8 38. Kf2 Kc5 39. Kf3 Kd4 40. Ne3 c5 41. g4 c4 42. g5 Rf8+ 43. Ke2 Rg8 44. h7 Re8 45. g6 Rxe3+ 46. Kf2 Re8 47. g7 c3 48. h8=Q Rxh8 49. gxh8=Q+ 1-0


[Site "https://www.chess.com"]

[Event "Titled Tuesday Blitz March 29 Early 2022"]
[White "Johnson, Ben"]
[Black "Derjabin, Ilja"]
[WhiteFideId "2010917"]
[BlackFideId "14104768"]
[WhiteElo "2207"]
[BlackElo "2341"]
[Result "1/2-1/2"]
[Round "01"]
[TimeControl "180+1"]
[Date "2022.03.30"]
[WhiteClock "0:00:13"]
[BlackClock "0:00:15"]

1. Nf3 c5 2. c4 g6 3. d4 Bg7 4. e4 cxd4 5. Nxd4 Nc6 6. Be3 Nf6 7. Nc3 O-O 8. Be2 d6 9. O-O Bd7 10. h3 Rc8 11. Qd2 a6 12. Rac1 Re8 13. Rfd1 Qa5 14. b3 e5 15. Nxc6 Bxc6 16. f3 Red8 17. Nd5 Qxd2 18. Nxf6+ Bxf6 19. Rxd2 Be7 20. Bb6 Rd7 21. Rcd1 Bd8 22. Be3 Bc7 23. c5 Rcd8 24. Bg5 Ba5 25. Rd3 Bb5 26. Bxd8 Bxd3 27. Rxd3 Bxd8 28. Rxd6 Rxd6 29. cxd6 Kf8 30. Bc4 Bb6+ 31. Kf1 Bc5 32. d7 Ke7 33. d8=Q+ Kxd8 34. Bxf7 Ke7 35. Bg8 h6 36. h4 g5 37. hxg5 hxg5 38. Ke2 b5 39. Kd3 Kd6 40. Bd5 Bd4 41. g3 Bb2 42. a4 Kc5 43. axb5 axb5 44. Be6 Bd4 45. Bd5 Kb4 46. Be6 Kc5 47. g4 Kb4 48. Bd5 Kc5 49. Be6 b4 50. Bd5 Bc3 51. Be6 Bd4 52. Bd5 Bc3 53. Be6 Bd4 1/2-1/2


[Site "https://www.chess.com"]

[Event "Titled Tuesday Blitz March 29 Early 2022"]
[White "Kaminski, Victor"]
[Black "Lewtak, Damian"]
[WhiteFideId "1131630"]
[BlackFideId "1141724"]
[WhiteElo "2181"]
[BlackElo "2362"]
[Result "1-0"]
[Round "01"]
[TimeControl "180+1"]
[Date "2022.03.30"]
[WhiteClock "0:00:56"]
[BlackClock "0:00:16"]

1. e4 c5 2. Nf3 d6 3. Bb5+ Bd7 4. a4 a6 5. Bxd7+ Qxd7 6. O-O e6 7. Nc3 Nf6 8. a5 Nc6 9. Na4 Rd8 10. Nb6 Qc7 11. d3 Be7 12. Nc4 O-O 13. Bf4 Nh5 14. Bg3 Nxg3 15. hxg3 d5 16. exd5 exd5 17. Ne3 Bf6 18. c4 dxc4 19. Nxc4 Nb4 20. Ra3 Rd7 21. Qe2 g6 22. g4 Re7 23. Qd1 Rd8 24. g3 h6 25. Qd2 Kg7 26. Kg2 Qc6 27. Rh1 g5 28. Ne3 Re5 29. Rc3 Rde8 30. Rc4 Rxe3 31. fxe3 Nd5 32. e4 Nc7 33. b4 Ne6 34. bxc5 Qd7 35. e5 Bd8 36. d4 Bc7 37. Rcc1 Qd5 38. Qd3 Rd8 39. Rhd1 h5 40. Qf5 hxg4 41. Qxg4 Qa2+ 42. Rd2 Qxa5 43. Rcd1 Kg6 44. d5 Qb4 45. Qxb4 1-0


[Site "https://www.chess.com"]

[Event "Titled Tuesday Blitz March 29 Early 2022"]
[White "Kamsky, Gata"]
[Black "Fromm, Marius"]
[WhiteFideId "2000024"]
[BlackFideId "12993190"]
[WhiteElo "2645"]
[BlackElo "2459"]
[Result "1-0"]
[Round "01"]
[TimeControl "180+1"]
[Date "2022.03.30"]
[WhiteClock "0:02:17"]
[BlackClock "0:01:08"]

1. d4 Nf6 2. Bf4 e6 3. e3 d5 4. Nd2 Bd6 5. c3 O-O 6. Ngf3 c5 7. Bd3 Qc7 8. Ne5 Nbd7 9. Ndf3 b6 10. g4 Ne4 11. g5 Bb7 12. Rg1 a6 13. Nxd7 Qxd7 14. Ne5 Qc7 15. Qh5 cxd4 16. exd4 g6 17. Qh6 Rfe8 18. Bxe4 dxe4 19. Ng4 1-0


[Site "https://www.chess.com"]

[Event "Titled Tuesday Blitz March 29 Early 2022"]
[White "Khripachenko, Alexander"]
[Black "Tsyhanchuk, Stanislav"]
[WhiteFideId "54184975"]
[BlackFideId "13505130"]
[WhiteElo "2177"]
[BlackElo "2078"]
[Result "0-1"]
[Round "01"]
[TimeControl "180+1"]
[Date "2022.03.30"]
[WhiteClock "0:00:14"]
[BlackClock "0:00:39"]

1. e4 c5 2. Nf3 Nc6 3. d4 cxd4 4. Nxd4 Qb6 5. Nb3 Nf6 6. Nc3 e6 7. Bd3 Be7 8. O-O O-O 9. Be3 Qc7 10. Kh1 d6 11. f4 a6 12. a4 b6 13. Qf3 Bb7 14. Rae1 Rfe8 15. Qh3 Nb4 16. Nd4 Rac8 17. Nf3 d5 18. e5 Ne4 19. Bxe4 dxe4 20. Nd4 Bc5 21. Nce2 Red8 22. Rd1 Nd5 23. Bc1 Ne7 24. c3 Bd5 25. Be3 Qb7 26. Ng3 b5 27. axb5 axb5 28. Nh5 Bxd4 29. Bxd4 Nf5 30. Be3 b4 31. g4 Nxe3 32. Qxe3 bxc3 33. bxc3 Qb3 34. Rc1 Bc4 35. Rfe1 Rd3 36. Qf2 Bd5 37. Re3 Rcxc3 38. Rxc3 Qxc3 39. Rxd3 exd3+ 40. Kg1 d2 0-1


[Site "https://www.chess.com"]

[Event "Titled Tuesday Blitz March 29 Early 2022"]
[White "Kopylov, Alexander A."]
[Black "Gu, Xiaobing"]
[WhiteFideId "4164857"]
[BlackFideId "8602611"]
[WhiteElo "2436"]
[BlackElo "2174"]
[Result "1-0"]
[Round "01"]
[TimeControl "180+1"]
[Date "2022.03.30"]
[WhiteClock "0:00:17"]
[BlackClock "0:00:01"]

1. e4 c5 2. Nf3 d6 3. d4 cxd4 4. Nxd4 Nf6 5. Nc3 a6 6. Be2 e5 7. Nb3 Be7 8. O-O O-O 9. Qd3 Be6 10. Bd2 Nbd7 11. Nd5 Bxd5 12. exd5 a5 13. a4 b6 14. c4 Nc5 15. Nxc5 dxc5 16. Bc3 Bd6 17. b3 Qc7 18. Qh3 Rae8 19. Rae1 Qd7 20. Qh4 Qf5 21. Bd1 Qg6 22. Re3 e4 23. Rfe1 Re7 24. Bxf6 Qxf6 25. Qxf6 gxf6 26. Rxe4 Rfe8 27. Rxe7 Rxe7 28. Rxe7 Bxe7 29. f4 Bd6 30. g3 Kg7 31. Bg4 Kf8 32. Bf5 h6 33. Kf2 Kg7 34. Kf3 Kf8 35. Ke4 Kg7 36. h3 Bc7 37. g4 Bd6 38. Bd7 Kf8 39. Kf5 Kg7 40. h4 Bc7 41. g5 fxg5 42. hxg5 hxg5 43. fxg5 Bd6 44. Be8 Kf8 45. Bd7 Kg7 46. Bc8 Bc7 47. Bb7 Bd6 48. Bc6 Bc7 49. Bb5 Bd6 50. Be8 Bc7 51. g6 Bd6 52. gxf7 Be7 53. Ke6 Bf8 54. d6 1-0


[Site "https://www.chess.com"]

[Event "Titled Tuesday Blitz March 29 Early 2022"]
[White "Koridze, Lile"]
[Black "Avila Pavas, Santiago"]
[WhiteFideId "13612514"]
[BlackFideId "4437128"]
[WhiteElo "1999"]
[BlackElo "2242"]
[Result "0-1"]
[Round "01"]
[TimeControl "180+1"]
[Date "2022.03.30"]
[WhiteClock "0:00:20"]
[BlackClock "0:01:00"]

1. d4 Nf6 2. c4 c5 3. d5 b5 4. cxb5 a6 5. bxa6 g6 6. Nc3 Bg7 7. e4 O-O 8. Nf3 Qa5 9. Bd2 Bxa6 10. Be2 Bxe2 11. Qxe2 Qa6 12. Qxa6 Nxa6 13. O-O Rfb8 14. Rab1 Nb4 15. a3 Nd3 16. Bc1 Ne8 17. Be3 Nd6 18. e5 Nc4 19. Nd2 Nxe3 20. fxe3 Bxe5 21. Nc4 d6 22. a4 Rb3 23. Ne4 Rxa4 24. Ncd2 Rxb2 25. Rxb2 Nxb2 26. Rb1 Kg7 27. Nf2 Nc4 28. Nf3 Bf6 29. e4 Ra2 30. Nd3 Ra3 31. Nf4 Ne5 32. Nxe5 Bxe5 33. Ne2 Re3 34. Kf2 Rxe4 35. g3 Ra4 36. Rb7 Ra2 37. Kf3 c4 38. Rc7 c3 39. Nxc3 Rc2 40. Nb5 Rxc7 41. Nxc7 Kf6 42. Ke4 Ba1 43. Nb5 Kg5 44. h3 Be5 45. g4 Kh4 0-1


[Site "https://www.chess.com"]

[Event "Titled Tuesday Blitz March 29 Early 2022"]
[White "Krysa, Leandro"]
[Black "Balint, Vilmos"]
[WhiteFideId "116807"]
[BlackFideId "718050"]
[WhiteElo "2490"]
[BlackElo "2059"]
[Result "0-1"]
[Round "01"]
[TimeControl "180+1"]
[Date "2022.03.30"]
[WhiteClock "0:00:01"]
[BlackClock "0:01:05"]

1. e4 e5 2. Nf3 Nc6 3. Bb5 Nf6 4. d3 Bc5 5. Bxc6 dxc6 6. Nc3 O-O 7. Be3 Bd6 8. Ne2 Qe7 9. Ng3 Ng4 10. Bd2 Bb4 11. h3 Bxd2+ 12. Qxd2 Nf6 13. O-O-O c5 14. Qg5 Qe6 15. Kb1 Nd7 16. Nf5 g6 17. Ne7+ Kg7 18. Nd5 Qd6 19. g4 f6 20. Qd2 c6 21. Ne3 b5 22. h4 Nb6 23. h5 g5 24. h6+ Kh8 25. Nf5 Bxf5 26. gxf5 Rad8 27. Qe3 c4 28. Rd2 c3 29. Rdd1 cxb2 30. Qe1 Na4 31. d4 Qa3 32. Rd3 Qe7 33. c3 a5 34. Qd2 exd4 35. Nxd4 Qxe4 36. Re1 Qd5 37. Ree3 Rfe8 38. Rxe8+ Rxe8 39. Nf3 Qe4 40. Kc2 c5 0-1


[Site "https://www.chess.com"]

[Event "Titled Tuesday Blitz March 29 Early 2022"]
[White "Kucuksari, Kaan"]
[Black "Horak, Martin"]
[WhiteFideId "6380166"]
[BlackFideId "367095"]
[WhiteElo "2305"]
[BlackElo "1997"]
[Result "1-0"]
[Round "01"]
[TimeControl "180+1"]
[Date "2022.03.30"]
[WhiteClock "0:00:47"]
[BlackClock "0:00:13"]

1. d4 Nf6 2. c4 b6 3. f3 Nc6 4. e4 e5 5. d5 Nd4 6. Nc3 Bc5 7. Nge2 O-O 8. Nxd4 Bxd4 9. Qe2 Nh5 10. g3 f5 11. Bg2 f4 12. g4 Qh4+ 13. Kd1 Nf6 14. Bd2 Qf2 15. Qxf2 Bxf2 16. Ke2 Bc5 17. a3 a5 18. b4 axb4 19. axb4 Rxa1 20. Rxa1 Bxb4 21. Nb5 Bxd2 22. Kxd2 Ne8 23. Ra8 c6 24. Na7 Ba6 25. Nxc6 dxc6 26. Rxa6 Nd6 27. Bf1 cxd5 28. exd5 Rb8 29. c5 Nc8 30. c6 Kf7 31. Bd3 g6 32. Be4 Ke7 33. c7 Rb7 34. d6+ Nxd6 35. Bxb7 Nxb7 36. c8=Q 1-0


[Site "https://www.chess.com"]

[Event "Titled Tuesday Blitz March 29 Early 2022"]
[White "Lauridsen, Jesper Morch"]
[Black "Gurevich, Dmitry"]
[WhiteFideId "1401890"]
[BlackFideId "2000407"]
[WhiteElo "2299"]
[BlackElo "2506"]
[Result "0-1"]
[Round "01"]
[TimeControl "180+1"]
[Date "2022.03.30"]
[WhiteClock "0:00:44"]
[BlackClock "0:01:23"]

1. e4 c5 2. Nf3 d6 3. d4 cxd4 4. Nxd4 Nf6 5. Nc3 Nc6 6. Bc4 Bd7 7. Bb3 g6 8. f3 Nxd4 9. Qxd4 Bg7 10. Be3 O-O 11. Qd2 a5 12. a4 Rc8 13. Bh6 Be6 14. Bxg7 Kxg7 15. Bxe6 fxe6 16. Nb5 Qb6 17. Nd4 Kf7 18. b3 Qb4 19. Qxb4 axb4 20. Kd2 Rc5 21. Ra2 Rfc8 22. Rc1 e5 23. Nb5 d5 24. exd5 Nxd5 25. g3 Rd8 26. Ke2 Rxb5 27. axb5 Nc3+ 28. Ke3 Nxa2 29. Ra1 Nc3 30. Ra7 Rd7 31. b6 Nd5+ 32. Kf2 Nxb6 0-1


[Site "https://www.chess.com"]

[Event "Titled Tuesday Blitz March 29 Early 2022"]
[White "Le, Tuan Minh"]
[Black "Ianov, Viktor"]
[WhiteFideId "12401153"]
[BlackFideId "14102730"]
[WhiteElo "2450"]
[BlackElo "2161"]
[Result "1-0"]
[Round "01"]
[TimeControl "180+1"]
[Date "2022.03.29"]
[WhiteClock "0:00:59"]
[BlackClock "0:01:41"]

1. d4 d6 2. e4 Nf6 3. Nc3 c6 4. f3 Qb6 5. Bc4 e6 6. Nge2 d5 7. Bb3 Be7 8. Be3 O-O 9. O-O Qd8 10. Qd2 b5 11. Ng3 a5 12. a3 Ba6 13. e5 Nfd7 14. Nce2 c5 15. c3 Nc6 16. f4 g6 17. f5 gxf5 18. Bh6 Kh8 19. Nxf5 exf5 20. Rxf5 c4 21. Bc2 Bc8 22. Raf1 Qe8 23. Bg7+ Kxg7 24. Rh5 f5 25. Qh6+ Kf7 26. Qxh7+ Ke6 27. Bxf5+ 1-0


[Site "https://www.chess.com"]

[Event "Titled Tuesday Blitz March 29 Early 2022"]
[White "Legenia, Artem"]
[Black "Tasev, Dejan"]
[WhiteFideId "14136945"]
[BlackFideId "936618"]
[WhiteElo "1936"]
[BlackElo "2253"]
[Result "0-1"]
[Round "01"]
[TimeControl "180+1"]
[Date "2022.03.30"]
[WhiteClock "0:01:29"]
[BlackClock "0:00:20"]

1. e4 e5 2. Nf3 Nf6 3. Nc3 Nc6 4. Bb5 Bb4 5. d3 d6 6. Bxc6+ bxc6 7. h3 h6 8. Be3 Ba5 9. Nd2 Bb6 10. Bxb6 cxb6 11. O-O g5 12. Nc4 Be6 13. Ne3 c5 14. Qf3 h5 15. Qg3 Rg8 16. Nf5 Qd7 17. Ne3 h4 18. Qf3 Rg6 19. Ncd5 Bxd5 20. exd5 g4 21. Nxg4 Nxg4 22. hxg4 Qxg4 23. Qxg4 Rxg4 24. Rfe1 f5 25. c4 Kf7 26. f3 Rg3 27. Kf2 Rag8 28. Rh1 Rxg2+ 29. Ke3 f4+ 30. Ke4 Kf6 31. Rae1 Rh8 32. a3 h3 0-1


[Site "https://www.chess.com"]

[Event "Titled Tuesday Blitz March 29 Early 2022"]
[White "Lewicki, Miroslaw"]
[Black "Kejzar, Petra"]
[WhiteFideId "1113380"]
[BlackFideId "14610213"]
[WhiteElo "2283"]
[BlackElo "2003"]
[Result "1-0"]
[Round "01"]
[TimeControl "180+1"]
[Date "2022.03.30"]
[WhiteClock "0:01:42"]
[BlackClock "0:00:02"]

1. f3 e5 2. Kf2 d5 3. g3 Nf6 4. Kg2 Bd6 5. b3 Nc6 6. Bb2 h5 7. h4 Bf5 8. d3 Qd7 9. e4 dxe4 10. dxe4 Be6 11. Nc3 O-O-O 12. Nh3 Bxh3+ 13. Rxh3 Rdg8 14. Nd5 Nxd5 15. Qxd5 g5 16. Bc4 Rg7 17. hxg5 Nb4 18. Qa5 Kb8 19. Bxe5 Bxe5 20. Qxe5 Rhg8 21. Rxh5 Qd2+ 22. Kh1 Qe3 23. Rf1 b6 24. Qf4 Qd4 25. e5 Nxc2 26. Qxd4 Nxd4 27. f4 b5 28. Bd5 c6 29. Be4 Kb7 30. Rd1 Ne2 31. Kg2 Nc3 32. Rd7+ Kb6 33. Bf3 Nxa2 34. f5 Nc1 35. f6 Rxg5 36. Rxg5 Rxg5 37. Rxf7 Nxb3 38. Re7 a5 39. f7 Rf5 40. Be4 Rxf7 41. Rxf7 a4 42. e6 a3 43. Bb1 Nd2 44. Ba2 1-0


[Site "https://www.chess.com"]

[Event "Titled Tuesday Blitz March 29 Early 2022"]
[White "Ljukin, Sergei"]
[Black "Ardila, Oscar Humberto"]
[WhiteFideId "14102200"]
[BlackFideId "4404742"]
[WhiteElo "2312"]
[BlackElo "1966"]
[Result "1-0"]
[Round "01"]
[TimeControl "180+1"]
[Date "2022.03.30"]
[WhiteClock "0:00:37"]
[BlackClock "0:00:16"]

1. e4 e5 2. Nf3 Nf6 3. Nxe5 d6 4. Nf3 Nxe4 5. d3 Nf6 6. d4 Be7 7. c4 O-O 8. Bd3 Bg4 9. O-O Nbd7 10. h3 Bh5 11. Nc3 Re8 12. Bf4 Bg6 13. Bxg6 hxg6 14. Qb3 b6 15. a4 a5 16. Rfe1 Nf8 17. Nb5 Ne6 18. Bh2 Qd7 19. Re2 Bf8 20. Rae1 Rad8 21. g4 Rc8 22. Qc2 Rcd8 23. d5 Nc5 24. Bf4 Rxe2 25. Rxe2 Re8 26. Rxe8 Nxe8 27. Be3 Be7 28. Bxc5 dxc5 29. Ne5 Qc8 30. Qe4 Bf6 31. b3 Nd6 32. Nxd6 cxd6 33. Nc6 Kh7 34. f4 Bc3 35. Qe7 f5 36. Qxd6 fxg4 37. Ne7 Qe8 38. Qe6 gxh3 39. d6 Bf6 40. Qxh3+ 1-0


[Site "https://www.chess.com"]

[Event "Titled Tuesday Blitz March 29 Early 2022"]
[White "Martin Carmona, Gaston Manuel"]
[Black "Sanal, Vahap"]
[WhiteFideId "22284567"]
[BlackFideId "6300545"]
[WhiteElo "2161"]
[BlackElo "2603"]
[Result "0-1"]
[Round "01"]
[TimeControl "180+1"]
[Date "2022.03.29"]
[WhiteClock "0:00:17"]
[BlackClock "0:00:32"]

1. d4 Nf6 2. c4 e6 3. Nc3 Bb4 4. Qc2 d5 5. e3 O-O 6. Nf3 c5 7. cxd5 exd5 8. dxc5 Nc6 9. a3 Bxc5 10. b4 Bb6 11. Bd3 Bg4 12. Bb2 d4 13. Nxd4 Nxd4 14. exd4 Re8+ 15. Ne2 Rc8 16. Qd1 Nd5 17. O-O Nf4 18. f3 Nxd3 19. Qxd3 Be6 20. Rac1 Qd7 21. Rxc8 Rxc8 22. Rc1 Rd8 23. Kh1 h6 24. Rd1 Bf5 25. Qc3 Rc8 26. Qe1 Rc2 27. Rd2 Rc8 28. Ng3 Bg6 29. d5 Re8 30. Qd1 Be3 31. Re2 f6 32. h3 Bf7 33. Qd3 Bf4 34. Rxe8+ Qxe8 35. Ne4 Qd8 36. d6 b6 37. g3 Be5 38. Bxe5 fxe5 39. Qc3 Qd7 40. Kg2 Qe6 41. Qc7 Be8 42. g4 Qa2+ 43. Kg3 Qa1 44. d7 Qg1+ 45. Kh4 Qe1+ 46. Ng3 g5# 0-1


[Site "https://www.chess.com"]